cohdb
Replays
Latest Replays
All Replays
Popular Replays
Top Player Replays
Match Explorer
How It Works
Community
CoH3 Stats
Reddit
Sign in to upload your games and track your stats! →
Sign in with Steam
Match 43738744
Unlisted
Match 43738744
Overview
Messages
Build Orders
End
Construct Infanterie Kompanie
Kettenkrad Recon Vehicle
MG 42 Machine Gun Team
Grenadier Squad
Construct Panzergrenadier Kompanie
Pioneer Squad
Sniper
Pak 40 Anti-tank Gun Team
251 Medium Carrier
Forward Retreat Point
Support Elements
StuG III G Assault Gun
Nebelwerfer 42 Rocket Launcher Team
Selects Luftwaffe Battlegroup
Selects Stuka Strafing Run
MG 42 Machine Gun Team
Nebelwerfer 42 Rocket Launcher Team
Side Skirts
Panzergrenadier Officer Quarters
Stuka Strafing Run
Kettenkrad Recon Vehicle
Selects Fallschirmjäger Squad Paradrop
Selects Stuka Loiter
Selects Luftwaffe Pioneer Support
Selects Flak 38 Anti-Air Emplacement
Stuka Loiter
Papa Shango
Husar
Frank Drebin
Bajfi
Baifik
ChannyBoi
0
0
Comments
sign in to comment!
No comments posted yet!